 Dungeon Crawl Stone Soup version 0.22.1-2-g9c5b331 (webtiles) character file.

15433 whitewolfNL the Spear-Bearer (level 12, -21/106 HPs)
             Began as a Minotaur Berserker on Dec 10, 2018.
             Was a High Priest of Trog.
             Hit by a large rock thrown by a cyclops (35 damage)
             ... on level 13 of the Dungeon.
             The game lasted 01:02:39 (10474 turns).

whitewolfNL the Spear-Bearer (Minotaur Berserker)  Turns: 10474, Time: 01:02:41

Health: -21/106    AC: 21    Str: 23    XL:     12   Next: 1%
Magic:  0/14       EV:  9    Int:  5    God:    Trog [*****.]
Gold:   667        SH: 11    Dex: 13    Spells: 11/11 levels left

rFire    . . .     SeeInvis .   D - +6 spear of the Forgotten Cities {drain, MR++ Stlth-}
rCold    . . .     Gourm    .   x - +0 shield
rNeg     . . .     Faith    .   H - +0 plate armour
rPois    +         Spirit   +   (helmet restricted)
rElec    .         Reflect  .   s - +0 cloak {rPois}
rCorr    .         Harm     .   o - +2 pair of gloves
MR       +++..                  O - +0 pair of boots
Stlth    ..........             a - amulet of guardian spirit
HPRegen  0.27/turn              Y - ring of protection from magic
MPRegen  0.14/turn              y - ring of stealth

@: about to teleport, berserk cooldown, starving, slowed, very slow
A: retaliatory headbutt, horns 2
a: Berserk, Trog's Hand, Brothers in Arms, Renounce Religion


You were on level 13 of the Dungeon.
You worshipped Trog.
Trog was extremely pleased with you.
You were starving.

You visited 1 branch of the dungeon, and saw 13 of its levels.

You collected 667 gold pieces.

Inventory:

Hand Weapons
 j - a +1 whip of flaming
 D - the +6 spear of the Forgotten Cities (weapon) {drain, MR++ Stlth-}
   (You found it on level 4 of the Dungeon)

   A truly terrible weapon, it drains the life of those it strikes.
   It affects your resistance to hostile enchantments.
   It makes you less stealthy.
 M - a +0 fustibalus
 N - the +7 Spriggan's Knife {MR+ EV+4 Dex+4 Stlth+}
   (You found it on level 7 of the Dungeon)

   It affects your evasion (+4).
   It affects your dexterity (+4).
   It affects your resistance to hostile enchantments.
   It makes you more stealthy.
Missiles
 b - 236 arrows
 f - 129 bolts
 i - 52 sling bullets
 P - 2 throwing nets (quivered)
Armour
 o - a +2 pair of gloves (worn)
 s - a +0 cloak of poison resistance (worn)
 x - a +0 shield (worn)
 H - a +0 plate armour (worn)
 I - the +1 leather armour of Cocytus {rF+ MR- MP+9, unknown}
   (You found it on level 11 of the Dungeon)

   It protects you from fire.
   It affects your resistance to hostile enchantments.
   It affects your magic capacity (+9).
 O - a +0 pair of boots (worn)
Jewellery
 a - an amulet of guardian spirit (around neck)
 y - a ring of stealth (right hand)
 L - an uncursed ring of fire
 Y - a ring of protection from magic (left hand)
Wands
 q - a wand of flame (48)
 F - a wand of acid (8)
 R - a wand of scattershot (3)
 U - a wand of paralysis (20)
 Z - a wand of polymorph (30)
Scrolls
 d - 3 scrolls of teleportation
 h - 2 scrolls of magic mapping
 k - a scroll of random uselessness {unknown}
 l - 2 scrolls of fog {unknown}
 p - 2 scrolls of blinking
 u - 4 scrolls of enchant armour
 z - a scroll of vulnerability {unknown}
 B - 4 scrolls of remove curse
 C - 5 scrolls of enchant weapon
 G - 3 scrolls of immolation {unknown}
 T - a scroll of noise {unknown}
Potions
 e - 4 potions of berserk rage
 g - 5 potions of curing
 m - 2 potions of invisibility {unknown}
 n - a potion of flight {unknown}
 r - 3 potions of lignification {unknown}
 t - a potion of heal wounds {unknown}
 v - 2 potions of cancellation {unknown}
 w - a potion of might {unknown}
 A - 2 potions of mutation {unknown}
 J - 3 potions of ambrosia
 S - 2 potions of brilliance {unknown}
Comestibles
 c - 16 rations


   Skills:
 * Level 10.2 Fighting
 - Level 0.1 Short Blades
 - Level 6.1 Maces & Flails
 * Level 12.2 Polearms
 * Level 1.3 Slings
 * Level 10.9 Armour
 * Level 7.4 Dodging
 - Level 4.0 Stealth
 + Level 6.3 Shields
 * Level 4.0 Evocations


You had 11 spell levels left.
You didn't know any spells.
Your spell library was empty.

Dungeon Overview and Level Annotations

Branches:
Dungeon (13/15)            Temple (0/1) D:7            Lair (0/6) D:8
    Orc: D:9-12      Vaults: D:13-14

Altars:
Ashenzari
Fedhas
Gozag
Hepliaklqana
Ru
Trog
Vehumet

Shops:
D:8 :=


Innate Abilities, Weirdness & Mutations

You reflexively headbutt those who attack you in melee.
You have a pair of horns on your head.


Message History

The crimson imp grinds its teeth.
The crimson imp barely misses you. You furiously retaliate!
You headbutt the crimson imp.
You kill the crimson imp!
Trog accepts your kill.
You hit the centaur warrior. You drain the centaur warrior!
The centaur warrior is moderately wounded.
The centaur warrior hits you but does no damage.
You block the centaur warrior's attack.
The cyclops shouts!
You puncture the centaur warrior!
The centaur warrior is heavily wounded.
The centaur warrior hits you.
* * * LOW HITPOINT WARNING * * *
As you read the scroll of teleportation, it crumbles to dust.
You feel strangely unstable.
You are no longer corroded.
You block the centaur warrior's attack.
The cyclops throws a large rock.
The large rock hits you!!!
You die...

*****,*,* *.....#,*
*.....#.* **********
###.......*
....,,,,,*
#.......,,*
####****,*
#.....C,,,*
******+****
#....#***,*
*,,,,,,,,,* #....#
*,** *,,,,,,,,,*
#c@..# *,,*
*,,,,,,,,,* #....#
*,,** ******,****
#....# **,,* *** *,*
#....# *,,* ,,*
*,*****#....#
****,** ,,*
*,**,,,#....#
*,,,,,** ,,*
*,**,,,#....#
*,,,,,,*
,,******,**,,,######
*,,,,>,*
,,,,,,,,,**,,,*
*****,,,,,,*


You could see a centaur warrior and a cyclops.

Vanquished Creatures
  A hydra (D:11)
  A vault guard (D:13)
  Harold (D:8)
  3 two-headed ogres
  A wolf spider zombie (D:12)
  2 ugly things (D:11)
  6 trolls
  2 hornets
  3 hippogriffs
  Sigmund (D:2)
  A spriggan (D:9)
  A wyvern (D:7)
  2 wraiths
  Grum (D:8)
  A steam dragon (D:7)
  Menkaure (D:6)
  An acid dragon (D:13)
  3 ice beasts
  A hornet zombie (D:8)
  3 orc warriors
  A sky beast (D:9)
  An eye of draining (D:7)
  A necrophage (D:9)
  7 phantoms
  8 ogres
  3 wolves (D:8)
  8 centaurs
  2 big kobolds
  3 bullfrogs
  A wyvern zombie (D:9)
  A scorpion (D:6)
  11 killer bees (D:9)
  9 wights
  An electric eel (D:12)
  3 centaur zombies
  5 crimson imps
  A quasit (D:11)
  2 bullfrog zombies
  7 orc priests
  7 orc wizards
  9 hounds
  4 jellies
  A gnoll shaman (D:6)
  3 bullfrog skeletons
  A centaur skeleton (D:8)
  Crazy Yiuf (D:2)
  Jessica (D:2)
  An iguana (D:12)
  9 worker ants
  A hound skeleton (D:8)
  2 worker ant zombies
  7 gnolls
  16 adders
  3 shadow imps
  2 oozes
  An adder skeleton (D:4)
  5 worms
  2 dart slugs
  4 leopard geckos
  35 orcs
  2 ball pythons (D:3)
  4 bats
  6 giant cockroaches
  7 goblins
  7 hobgoblins
  6 jackals
  5 quokkas
  7 frilled lizards
  A hobgoblin zombie (D:8)
  23 kobolds
  An orc zombie (D:8)
  4 rats
299 creatures vanquished.

Notes
Turn   | Place    | Note
-------+----------+-------------------------------------------
     0 | D:1      | whitewolfNL the Minotaur Berserker began the quest for the
                  | Orb.
     0 | D:1      | Reached XP level 1. HP: 19/19 MP: 0/0
    22 | D:1      | Reached XP level 2. HP: 27/27 MP: 1/1
   534 | D:2      | Reached ** piety under Trog
   535 | D:2      | Found an opulent altar of Gozag.
   541 | D:2      | Reached XP level 3. HP: 31/33 MP: 2/2
   554 | D:2      | Noticed Sigmund
   567 | D:2      | Killed Sigmund
   567 | D:2      | Reached skill level 5 in Fighting
   567 | D:2      | Reached skill level 5 in Maces & Flails
   567 | D:2      | Reached skill level 1 in Stealth
   567 | D:2      | Reached XP level 4. HP: 41/42 MP: 3/3
   567 | D:2      | Reached XP level 5. HP: 47/48 MP: 4/4
   737 | D:2      | Found a runed door.
   746 | D:2      | Noticed Crazy Yiuf
   749 | D:2      | Killed Crazy Yiuf
   913 | D:2      | Reached XP level 6. HP: 56/56 MP: 5/5
   981 | D:2      | Noticed Jessica
   987 | D:2      | Killed Jessica
   995 | D:2      | Identified Jessica's Tome of Dark Secrets
  1305 | D:3      | Reached *** piety under Trog
  1954 | D:4      | Got a scorched spear
  1955 | D:4      | Identified the +6 spear of the Forgotten Cities {drain,
                  | MR++ Stlth-} (You found it on level 4 of the Dungeon)
  2091 | D:4      | Reached skill level 1 in Shields
  2091 | D:4      | Reached XP level 7. HP: 27/62 MP: 2/6
  2477 | D:4      | Reached skill level 1 in Polearms
  2940 | D:5      | Entered Level 5 of the Dungeon
  2967 | D:5      | Reached skill level 2 in Polearms
  3192 | D:5      | Found a bloodstained altar of Trog.
  3515 | D:5      | Found a shattered altar of Ashenzari.
  3516 | D:5      | Found a blossoming altar of Fedhas.
  3578 | D:5      | Reached skill level 3 in Polearms
  3578 | D:5      | Reached skill level 5 in Armour
  4019 | D:6      | Reached XP level 8. HP: 68/70 MP: 7/7
  4180 | D:6      | Noticed Menkaure
  4189 | D:6      | Killed Menkaure
  4189 | D:6      | Reached skill level 4 in Polearms
  4195 | D:6      | Reached **** piety under Trog
  4379 | D:7      | Reached skill level 5 in Polearms
  4455 | D:7      | Noticed a troll
  4460 | D:7      | Killed a troll
  4460 | D:7      | Reached skill level 6 in Polearms
  4460 | D:7      | Reached XP level 9. HP: 78/78 MP: 8/8
  4477 | D:7      | Found the +7 Spriggan's Knife {MR+ EV+4 Dex+4 Stlth+}
  4524 | D:7      | Noticed a troll
  4878 | D:7      | Reached skill level 7 in Polearms
  4878 | D:7      | Reached skill level 5 in Dodging
  4905 | D:7      | Found a hazy altar of Hepliaklqana.
  4973 | D:7      | Got a dull robe
  4978 | D:7      | Got a warped dagger
  5167 | D:7      | Found a sacrificial altar of Ru.
  5266 | D:7      | Identified the +5 dagger of Truncation {pierce, Dex+7} (You
                  | found it on level 7 of the Dungeon)
  5302 | D:7      | Identified the +1 robe of a Million Emperors {rF- rCorr
                  | Int-2 Dex+8} (You found it on level 7 of the Dungeon)
  5341 | D:7      | Found a radiant altar of Vehumet.
  5501 | D:7      | Found a staircase to the Ecumenical Temple.
  5769 | D:7      | Killed a troll
  5769 | D:7      | Reached skill level 8 in Polearms
  5793 | D:8      | Found Epuer's Book Shop.
  5808 | D:8      | Reached ***** piety under Trog
  5808 | D:8      | Reached skill level 1 in Evocations
  5809 | D:8      | Found a staircase to the Lair.
  5849 | D:8      | Noticed Grum
  5872 | D:8      | Killed Grum
  5872 | D:8      | Reached XP level 10. HP: 46/88 MP: 6/9
  5942 | D:8      | Noticed Harold
  5966 | D:8      | Killed Harold
  5966 | D:8      | Reached skill level 9 in Polearms
  5981 | D:8      | Noticed a two-headed ogre
  6300 | D:8      | Killed a two-headed ogre
  6304 | D:8      | Reached skill level 10 in Polearms
  6378 | D:8      | Found Hypsaunt's Jewellery Boutique.
  7442 | D:9      | Received a gift from Trog
  8021 | D:10     | Entered Level 10 of the Dungeon
  8052 | D:10     | Noticed a two-headed ogre
  8057 | D:10     | Killed a two-headed ogre
  8057 | D:10     | Reached XP level 11. HP: 97/97 MP: 12/12
  8072 | D:10     | Reached skill level 11 in Polearms
  8072 | D:10     | Reached skill level 10 in Armour
  8151 | D:10     | Noticed a two-headed ogre
  8160 | D:10     | Killed a two-headed ogre
  8279 | D:10     | Reached skill level 5 in Shields
  8952 | D:11     | Noticed a green ugly thing
  8963 | D:11     | Killed a green ugly thing
  9222 | D:11     | Noticed a green ugly thing
  9239 | D:11     | Killed a green ugly thing
  9383 | D:11     | Noticed a six-headed hydra
  9396 | D:11     | Killed a six-headed hydra
  9396 | D:11     | Reached skill level 10 in Fighting
  9396 | D:11     | Reached skill level 12 in Polearms
  9431 | D:11     | Got a faintly glowing leather armour
  9716 | D:12     | You fall through a shaft!
 10403 | D:13     | Noticed a vault guard
 10403 | D:13     | Noticed a tengu reaver
 10403 | D:13     | Noticed a vault guard
 10404 | D:13     | Noticed a vault guard
 10404 | D:13     | Noticed a vault guard
 10409 | D:13     | Noticed a tengu reaver
 10415 | D:13     | Reached skill level 1 in Slings
 10416 | D:13     | Noticed a vault guard
 10417 | D:13     | Noticed a centaur warrior
 10418 | D:13     | Noticed a vault guard
 10418 | D:13     | Noticed a vault guard
 10426 | D:13     | Noticed a vault guard
 10431 | D:13     | Killed a vault guard
 10431 | D:13     | Reached XP level 12. HP: 106/106 MP: 10/14
 10463 | D:13     | Noticed a centaur warrior
 10474 | D:13     | Hit by a large rock thrown by a cyclops

Skill      XL: |  1  2  3  4  5  6  7  8  9 10 11 |
---------------+----------------------------------+-----
Fighting       | 4 5 6 7 9 10 | 10.2
Maces & Flails | 4 5 6 |  6.1
Armour         | 3 4 5 6 8 9 10 | 10.9
Stealth        | 1 2 3 4 |  4.0
Dodging        | 3 4 5 6 7 |  7.4
Shields        | 1 2 4 6 |  6.3
Polearms       | 3 6 8 10 12 | 12.2
Evocations     | 1 2 4 |  4.0
Slings         | 1 |  1.3
Short Blades   | |  0.1

Action                   |  1- 3 |  4- 6 |  7- 9 | 10-12 || total
-------------------------+-------+-------+-------+-------++-------
Melee: Mace              |    11 |   105 |       |       ||   116
       Whip              |    32 |       |       |     7 ||    39
       Hand axe          |     4 |       |       |       ||     4
       Headbutt          |     2 |    16 |    51 |   111 ||   180
       Scythe            |       |     8 |       |       ||     8
       Spear             |       |    10 |   305 |   483 ||   798
       Rapier            |       |       |       |    14 ||    14
Invok: Berserk           |     2 |     6 |    10 |    15 ||    33
  Use: Scroll            |       |       |    11 |     9 ||    20
       Potion            |       |       |       |     2 ||     2
  Eat: Chunk             |       |    10 |    16 |    24 ||    50
       Ration            |       |       |     2 |     1 ||     3
Armor: Animal skin       |     1 |       |       |       ||     1
       Scale mail        |    16 |    45 |       |       ||    61
       Ring mail         |     1 |       |       |       ||     1
       Chain mail        |       |       |    41 |       ||    41
       Plate armour      |       |       |   112 |   209 ||   321
Dodge: Dodged            |    37 |    63 |    73 |   112 ||   285
Block: Shield            |       |    23 |   145 |   202 ||   370
